 Dungeon Crawl Stone Soup version 0.27.1-33-g824d729ab1 (console) character file.

Game seed: 10453398685667173920

270 Banquo the Cutter (level 6, -9/46 HPs)
             Began as a Djinni Chaos Knight on Dec 28, 2021.
             Was a Plaything of Xom.
             Blown up by Ijyb (26 damage)
             ... with a mindburst bolt
             ... on level 3 of the Dungeon.
             The game lasted 00:09:37 (3177 turns).

Banquo the Cutter (Djinni Chaos Knight)             Turns: 3177, Time: 00:09:38

Health: -9/46      AC:  5    Str: 11    XL:     6   Next: 46%
Gold:   98         EV: 12    Int: 15    God:    Xom [*.....] SH:  0 Dex: 13

rFire    + + .     SeeInvis .   a - +0 short sword (chaos)
rCold    x . .     Faith    .   (no shield)
rNeg     . . .     Spirit   .   b - +2 leather armour
rPois    ∞         Reflect  .   (no helmet)
rElec    .         Harm     .   (no cloak)
rCorr    .         Rampage  .   (no gloves)
Will     .....                  (boots unavailable)
Stlth    +.........             (no amulet)
HPRegen  0.15/turn              (no ring)
MPRegen  0.00/turn              (no ring)

@: confused, flying, very slightly contaminated
A: sickness immunity, fire resistance 2, cold vulnerability 1, float, innate
caster, hp casting, extra vitality 1
a: Renounce Religion


You were on level 3 of the Dungeon.
You worshipped Xom.
You were a special plaything of Xom.
You visited 1 branch of the dungeon, and saw 3 of its levels.
You also visited: Sewer.

You collected 98 gold pieces.

Inventory:

Hand Weapons
 a - a +0 short sword of chaos (weapon)
 f - a +0 short sword
 l - a +0 falchion
Missiles
 e - 8 stones (quivered)
Armour
 b - a +2 leather armour (worn)
Jewellery
 d - a ring of fire
Scrolls
 c - 3 scrolls of identify
 g - a scroll of vulnerability {unknown}
 h - 2 scrolls of teleportation {unknown}
 i - a scroll of noise {unknown}
 j - a scroll of summoning {unknown}
Potions
 k - a potion of invisibility


   Skills:
 - Level 3.0 Fighting
 - Level 4.0 Short Blades
 + Level 3.3 Armour
 - Level 2.1 Dodging
 * Level 2.7 Spellcasting


You had 7 spell levels left.
You knew the following spells:

 Your Spells              Type           Power      Damage    Failure   Level
a - Sting                 Tmut/Pois      40%        1d5       9%          1
d - Static Discharge      Conj/Air       10%        N/A       13%         2
Your spell library was empty.

Dungeon Overview and Level Annotations

Branches:
Dungeon (3/15)              Sewer (visited)

Altars:

Annotations:
D:3 Ijyb


Innate Abilities, Weirdness & Mutations

You are immune to sickness and miasma.
You are immune to poison.
Your flesh is very heat resistant. (rF++)
You are vulnerable to cold. (rC-)
You float through the air rather than walking.
You learn spells naturally, not from books.
Your magical power is your life essence.
You have superior vitality. (+4 HP)


Message History

Press: ? - help, Shift-Dir - straight line, f/p - Ijyb
Aim: Ijyb, wielding a +0 club, wearing a +0 leather armour and carrying a wand of mindburst (19) (lightly wounded, poisoned, 64% to hit)
You miscast Sting.
Nothing appears to happen.
Ijyb completely misses you.
Unknown command.
Casting: Sting (safe; 9% risk of failure)
Confirm with . or Enter, or press ? or * to list all spells.
Aiming: Sting (safe; 9% risk of failure)
Press: ? - help, Shift-Dir - straight line, f/p - Ijyb
Aim: Ijyb, wielding a +0 club, wearing a +0 leather armour and carrying a wand of mindburst (19) (lightly wounded, poisoned, 64% to hit)
The sting misses Ijyb.
Ijyb hits you with a +0 club.
Casting: Sting (safe; 9% risk of failure)
Confirm with . or Enter, or press ? or * to list all spells.
Aiming: Sting (safe; 9% risk of failure)
Press: ? - help, Shift-Dir - straight line, f/p - Ijyb
Aim: Ijyb, wielding a +0 club, wearing a +0 leather armour and carrying a wand of mindburst (19) (moderately wounded, poisoned, 64% to hit)
The sting hits Ijyb but does no damage.
Ijyb looks even sicker.
Ijyb is moderately wounded.
Ijyb barely misses you.
You hit Ijyb but do no damage.
Ijyb is moderately wounded.
Ijyb barely misses you.
You closely miss Ijyb.
Ijyb is moderately wounded.
Xom's power touches on your mind for a moment.
You are confused.
Ijyb zaps a wand.
Your mind is blasted!
Xom is highly amused!
Unknown command. "The weather's been a little too boring around here."
Ijyb screams, "It's all mine!"
Ijyb closely misses you.
You hit Ijyb. You burn Ijyb.
Ijyb is heavily wounded.
You are engulfed in seething chaos.
You easily resist.
Nothing appears to happen.
Ijyb hits you with a +0 club.
You're too confused to move!
Ijyb zaps a wand.
Your mind is blasted!
Ouch! That really hurt!
You die...
Xom snickers!

......#..#.#####.#
####..#..#.### #.#
..##..#..#.#.# #.#
..##..#..#.#.###.#
#.##..#..#.#.....#
#.##..#..#.#.#####
#.##.....#.#.#
##g##.##....#.#
#.§@..........#
+..##.#########
#..##... #..####.#
#..# ... ##.# ###
#.. #..


You could see Ijyb (poisoned).

Vanquished Creatures
  2 bullfrogs (Sewer)
  7 adders
  3 worms (D:2)
  2 dart slugs
  An orc (D:3)
  2 bats
  An endoplasm (D:2)
  8 giant cockroaches
  6 hobgoblins
  3 quokkas (Sewer)
  4 ball pythons
  9 frilled lizards
  6 goblins
  5 kobolds (D:1)
  4 rats
63 creatures vanquished.

Notes
Turn   | Place    | Note
-------+----------+-------------------------------------------
     0 | D:1      | Banquo the Djinni Chaos Knight began the quest for the Orb.
     0 | D:1      | Reached XP level 1. HP: 20/20 MP: 0/0
   177 | D:1      | Reached skill level 3 in Short Blades
   199 | D:1      | Reached XP level 2. HP: 6/25 MP: 0/0
   651 | D:1      | Found a faded altar of an unknown god.
   953 | D:1      | Reached XP level 3. HP: 30/30 MP: 0/0
   953 | D:1      | Learned a level 1 spell: Sting
  1624 | D:2      | XOM: blink monster(s)
  1639 | D:2      | Reached XP level 4. HP: 31/35 MP: 0/0
  1788 | D:2      | XOM: smoke on damage
  1864 | D:2      | XOM: noise
  2007 | D:2      | Reached skill level 4 in Short Blades
  2150 | D:3      | Found a glowing drain.
  2188 | Sewer    | Entered a sewer
  2349 | Sewer    | Reached XP level 5. HP: 39/40 MP: 0/0
  2349 | Sewer    | Learned a level 2 spell: Static Discharge
  2379 | Sewer    | Reached skill level 1 in Spellcasting
  2542 | Sewer    | XOM: confuse monster(s)
  2648 | Sewer    | XOM: silly message
  2654 | Sewer    | Noticed a bullfrog
  3008 | Sewer    | Noticed a bullfrog
  3014 | Sewer    | Killed a bullfrog
  3014 | Sewer    | XOM: blink monster(s)
  3015 | Sewer    | Reached XP level 6. HP: 46/46 MP: 0/0
  3163 | D:3      | Noticed Ijyb
  3173 | D:3      | XOM: confusion
  3174 | D:3      | XOM: chaos cloud
  3177 | D:3      | Blown up by Ijyb

Illustrated notes

Levels and vault maps discovered:
D:1:      shiori_arrival_maze, layout_basic,
          shapermc_ecumenical_altar_totnotflames, serial_corexii_hall,
          corexii_hall_statues_x, corexii_hall_statues_i,
          corexii_hall_statues_x, st_stairs_5
D:2:      layout_basic, minivault_26
D:3:      layout_basic, mainiacjoe_overflow_brackets, portal_sewer_entry_d,
          minivault_14, grunt_ministairs_3, minmay_fountain_box, uniq_ijyb

Skill      XL: |  1  2  3  4  5 |
---------------+----------------+-----
Short Blades   | 3 4 |  4.0
Armour         | 2 3 |  3.3
Spellcasting   | 2 |  2.7
Fighting       | |  3.0
Dodging        | |  2.1

Action                   |  1- 3 |  4- 6 || total
-------------------------+-------+-------++-------
Melee: Short sword       |    93 |    88 ||   181
 Cast: Sting             |     1 |    32 ||    33
  Use: Scroll            |     1 |     1 ||     2
       Potion            |       |     2 ||     2
 Stab: Sleeping          |     2 |       ||     2
Armor: Leather armour    |    25 |    20 ||    45
Dodge: Dodged            |    34 |    57 ||    91
